 Dungeon Crawl Stone Soup version 0.21-a0-352-g5b8f553 (webtiles) character file.

291 tof the Twirler (level 6, -2/48 HPs)
             Began as a Barachi Gladiator on Oct 11, 2017.
             Slain by Purgy (5 damage)
             ... on level 2 of the Dungeon.
             The game lasted 00:12:20 (3053 turns).

tof the Twirler (Barachi Gladiator)                 Turns: 3053, Time: 00:12:21

Health: -2/48      AC: 10    Str: 16    XL:     6   Next: 32%
Magic:  6/6        EV: 11    Int:  8    God:
Gold:   101        SH:  0    Dex: 15    Spells: 5/5 levels left

rFire    . . .     SeeInvis .   a - +0 quarterstaff
rCold    . . .     Gourm    .   (shield currently unavailable)
rNeg     . . .     Faith    .   h - +0 scale mail (curse)
rPois    .         Spirit   .   c - +0 helmet
rElec    .         Reflect  .   (no cloak)
rCorr    .         Harm     .   l - +0 pair of gloves
MR       .....                  y - +0 pair of boots
Stlth    ..........             (no amulet)
HPRegen  0.16/turn              (no ring)
MPRegen  0.10/turn              (no ring)

@: can't hop, slow
A: +LOS, swims, slowness 1, strong legs 1
a: Hop


You were on level 2 of the Dungeon.
You were not hungry.

You visited 1 branch of the dungeon, and saw 3 of its levels.

You collected 101 gold pieces.

Inventory:

Hand Weapons
 a - a +0 quarterstaff (weapon)
Missiles
 d - 4 throwing nets
 m - 7 javelins
 o - 9 tomahawks (quivered)
Armour
 b - a +0 leather armour
 c - a +0 helmet (worn)
 h - a cursed +0 scale mail (worn)
 l - a +0 pair of gloves (worn)
 y - a +0 pair of boots (worn)
Jewellery
 x - a cursed -2 ring of dexterity {unknown}
Scrolls
 e - 3 scrolls of fear {unknown}
 g - a scroll of recharging {unknown}
 k - 3 scrolls of remove curse {unknown}
 n - 3 scrolls of identify {unknown}
 v - a scroll of enchant weapon {unknown}
 w - a scroll of amnesia {unknown}
Potions
 i - a potion of resistance {unknown}
 p - 4 potions of curing
 q - 2 potions of heal wounds {unknown}
 s - a potion of might {unknown}
 u - a potion of degeneration {unknown}
Comestibles
 f - 2 bread rations
 j - 3 meat rations
 r - 2 royal jellies
 t - 4 chunks of flesh
 z - a fruit


   Skills:
 + Level 3.7 Fighting
 * Level 4.8 Staves
 + Level 2.9 Throwing
 * Level 3.7 Armour
 + Level 4.1 Dodging


You had 5 spell levels left.
You didn't know any spells.

Dungeon Overview and Level Annotations

Branches:
Dungeon (3/15)

Altars:
Uskayaw

Annotations:
D:2 Purgy
D:3 Grinder


Innate Abilities, Weirdness & Mutations

Shadows flee at your approach. (+LOS)
You can swim through water.
You cover ground slowly.
You can hop short distances.


Message History

Purgy misses you. Purgy barely misses you. Purgy claws you but does no damage.
The ball python bites you but does no damage.
The ball python grabs you. The ball python constricts you.
You escape the ball python's grasp.
Grinder blinks!
There is an escape hatch in the ceiling here.
Purgy bites you.
* * * LOW HITPOINT WARNING * * *
Purgy claws you but does no damage. x2; Grinder blinks!
A mysterious force pulls you upwards. The hatch slams shut behind you.
Purgy bites you but does no damage. Purgy claws you but does no damage. x2
Purgy clenches his teeth.
Purgy barely misses you. Purgy claws you.
* * * LOW HITPOINT WARNING * * *
Purgy claws you but does no damage.
Okay, then.
Purgy bites you but does no damage. Purgy closely misses you.
Purgy claws you but does no damage.
Purgy barely misses you. x2; Purgy closely misses you.
Purgy bites you.
You die...

#.. #.# ############# #.#
#...........######## #.#
#.####≈.≈..≈.≈≈≈...# ♣.♣ #.#
#......≈≈.)≈..# #.#
#.####.≈≈≈≈≈≈≈≈≈≈..####♣.♣
########......≈≈≈≈≈≈≈≈≈≈..#......
#..............T@≈≈≈≈≈≈≈≈.#...♣.♣
#.♣#♣#♣.♣....≈.≈≈≈♣≈≈≈≈≈≈≈#......
#.............≈≈≈≈._♣≈≈≈.≈....♣.♣
##♣#♣#♣.♣.....≈≈≈≈♣≈≈≈≈≈.≈.#.##..
#........≈≈≈≈≈≈≈≈≈≈......+..
#........≈≈≈≈≈≈≈≈≈≈...#.##..
#.........≈≈≈≈≈≈≈≈≈.≈##.##..
######..≈....≈≈....≈.##.....
#.)≈...≈..≈....≈##.....


You could see Purgy.

Vanquished Creatures
  Jessica (D:2)
  Natasha (thrice) (D:2)
  Robin (D:3)
  2 adders (D:3)
  8 gnolls
  2 worms (D:2)
  3 dart slugs
  3 leopard geckos
  An orc (D:3)
  5 giant cockroaches
  18 goblins
  7 hobgoblins
  A ball python (D:3)
  6 bats
  4 frilled lizards
  8 kobolds
  5 rats
78 creatures vanquished.

Notes
Turn   | Place    | Note
-------+----------+-------------------------------------------
     0 | D:1      | tof the Barachi Gladiator began the quest for the Orb.
     0 | D:1      | Reached XP level 1. HP: 17/17 MP: 1/1
   213 | D:1      | Reached XP level 2. HP: 23/23 MP: 2/2
   214 | D:1      | Reached skill level 1 in Armour
   486 | D:1      | Reached XP level 3. HP: 28/28 MP: 3/3
   895 | D:2      | Found a faded altar of an unknown god.
  1215 | D:2      | Noticed Jessica
  1236 | D:2      | Killed Jessica
  1236 | D:2      | Reached XP level 4. HP: 21/35 MP: 4/4
  1454 | D:2      | Noticed Natasha
  1466 | D:2      | HP: 1/35 [Natasha (3)]
  1467 | D:2      | Killed Natasha
  1548 | D:2      | Noticed Natasha
  1877 | D:2      | Killed Natasha
  1877 | D:2      | Reached XP level 5. HP: 27/41 MP: 5/5
  1887 | D:2      | Noticed Natasha
  2380 | D:2      | Found a hide-covered altar of Uskayaw.
  2433 | D:2      | Killed Natasha
  2548 | D:3      | Noticed Grinder
  2756 | D:3      | Reached XP level 6. HP: 47/47 MP: 6/6
  2774 | D:3      | Paralysed by Grinder for 2 turns
  2894 | D:3      | Noticed Robin
  2905 | D:3      | Killed Robin
  2980 | D:3      | Noticed Purgy
  3010 | D:3      | HP: 2/48 [Purgy (6)]
  3045 | D:2      | HP: 2/48 [Purgy (2)]
  3053 | D:2      | Slain by Purgy

Vault maps used:
D:1:      sevenhm_arrival_forest_fort_large_4
D:2:      lemuel_coloured_pillars_altar, first_bread, serial_forest,
          infiniplex_forest_clump_medium, infiniplex_forest_lined_2,
          infiniplex_forest_lined_room_2, infiniplex_forest_clump_small,
          infiniplex_forest_clump_small, infiniplex_forest_lined_2,
          chequers_ecumenical_altar_island, uniq_jessica, uniq_natasha
D:3:      cheibrodos_gnoll_hut, uniq_robin, uniq_grinder, uniq_purgy

Skill      XL: |  1  2  3  4  5 |
---------------+----------------+-----
Armour         | 1 2 3 |  3.7
Fighting       | 3 |  3.7
Staves         | 4 |  4.8
Dodging        | 4 |  4.1
Throwing       | |  2.9

Action                   |  1- 3 |  4- 6 || total
-------------------------+-------+-------++-------
Melee: Quarterstaff      |   128 |   142 ||   270
Throw: Tomahawk          |       |    40 ||    40
 Abil: Hop               |       |     2 ||     2
  Eat: Chunk             |     1 |     7 ||     8
Armor: Leather armour    |    14 |       ||    14
       Scale mail        |    51 |   107 ||   158
Dodge: Dodged            |   105 |   139 ||   244

Table legend:
 A = Spawn XP
 B = Non-spawn XP
 C = Spawn XP percentage of total XP
 D = Spawn monster count
 E = Non-spawn monster count
 F = Spawn count percentage of total count
 G = Total turns spent on level
                    A         B        C        D         E        F      G
               +---------+---------+-------+---------+---------+-------+---------
         Total |       0 |     417 |   0.0 |       0 |      78 |   0.0 |  3053
               +---------+---------+-------+---------+---------+-------+---------
           D:1 |       0 |      47 |   0.0 |       0 |      26 |   0.0 |  1135
           D:2 |       0 |     235 |   0.0 |       0 |      25 |   0.0 |  1486
           D:3 |       0 |     135 |   0.0 |       0 |      27 |   0.0 |   432
               +---------+---------+-------+---------+---------+-------+---------
